 Dungeon Crawl Stone Soup version 0.32-a0-38-gb04dd89b9b (webtiles) character file.

Game seed: 10340744857101231593

30649 cforsyth the Necromancer (level 13, -12/110 HPs)
             Began as a Djinni Enchanter on Jan 23, 2024.
             Was the Champion of Fedhas.
             Mangled by a three-headed hydra simulacrum (38 damage)
             ... in an ice cave.
             The game lasted 00:34:48 (19216 turns).

cforsyth the Necromancer (Djinni Enchanter)        Turns: 19216, Time: 00:34:48

Health: -12/110    AC:  6    Str:  7    XL:     13   Next: 90%
Gold:   858        EV: 16    Int: 22    God:    Fedhas [******] SH:  5 Dex: 14

rFire   + + +        e - +3 short sword
rCold   . . .        (no shield)
rNeg    . . .        Q - +0 troll leather armour
rPois   ∞            d - +1 helmet
rElec   +            z - +0 cloak
rCorr   +            (no gloves)
SInv    .            (boots unavailable)
Will    +....        H - amulet of reflection
Stlth   ++           v - +4 ring of slaying
HPRegen 1.18/turn    G - +5 ring of evasion
MPRegen 0.00/turn

%: reflection, infuse magic (-13 HP)
@: resistant (expiring), flying, studying Necromancy
A: sickness immunity, fire resistance 2, cold vulnerability 1, float, innate
caster, HP casting, extra vitality 1
a: Renounce Religion, Wall of Briars, Grow Ballistomycete, Overgrow, Grow Oklob


You were in an ice cave.
You worshipped Fedhas.
Fedhas was exalted by your worship.
You visited 3 branches of the dungeon, and saw 15 of its levels.
You also visited: Ossuary and Ice Cave.

You collected 858 gold pieces.

Inventory:

Hand Weapons
 a - a +1 dagger
 e - a +3 short sword (weapon)
Missiles
 S - a throwing net
Armour
 b - a +0 robe
 d - a +1 helmet (worn)
 z - a +0 cloak (worn)
 O - a +2 robe
 Q - a +0 troll leather armour (worn)
Jewellery
 j - an amulet of faith
 v - a +4 ring of slaying (left hand)
 C - a ring of positive energy
 G - a +5 ring of evasion (right hand)
 H - an amulet of reflection (around neck)
 M - a +4 ring of slaying
 T - a ring of ice
 U - a +6 ring of intelligence
Wands
 i - a wand of roots (10)
 D - a wand of mindburst (25)
 E - a wand of charming (7)
 K - a wand of digging (6)
 L - a wand of acid (3)
 P - a wand of flame (24)
Scrolls
 g - 2 scrolls of torment {unknown}
 h - 3 scrolls of fear {unknown}
 k - 3 scrolls of amnesia {unknown}
 l - 3 scrolls of teleportation
 m - a scroll of silence
 n - 4 scrolls of noise
 o - 6 scrolls of poison
 p - 2 scrolls of enchant armour
 q - 6 scrolls of fog {unknown}
 u - a scroll of immolation
 y - a scroll of vulnerability
 I - a scroll of enchant weapon
Potions
 c - a potion of invisibility
 f - 6 potions of attraction
 r - 2 potions of curing
 s - 2 potions of heal wounds
 t - 6 potions of enlightenment
 w - 2 potions of resistance
 A - 2 potions of might
 B - a potion of haste
 F - 7 potions of cancellation
 J - a potion of brilliance
 N - 2 potions of lignification
 R - a potion of ambrosia {unknown}
Miscellaneous
 V - a lightning rod (4/4)


   Skills:
 + Level 16.2 Fighting
 - Level 0.8 Short Blades
 - Level 2.1 Dodging
 - Level 2.4 Stealth
 + Level 12.7 Spellcasting
 + Level 12.7 Conjurations
 + Level 12.7 Hexes
 + Level 12.7 Summonings
 + Level 16.6 Necromancy
 + Level 12.7 Translocations
 + Level 12.7 Fire Magic
 + Level 12.7 Ice Magic
 + Level 12.7 Air Magic
 + Level 12.7 Earth Magic
 + Level 12.7 Alchemy


You knew the following spells:

 Your Spells              Type           Power      Damage    Failure   Level
a - Ensorcelled Hibernat  Hex/Ice        100%       N/A       1%          2
b - Confusing Touch       Hex            63%        N/A       1%          3
c - Tukima's Dance        Hex            63%        N/A       1%          3
d - Dazzling Flash        Conj/Hex       100%       N/A       1%          3
e - Kiss of Death         Conj/Necr      100%       2d13      0%          1
f - Lesser Beckoning      Tloc           100%       N/A       1%          2
g - Ozocubu's Armour      Ice            63%        N/A       1%          3
h - Stone Arrow           Conj/Erth      100%       3d13      1%          3
i - Leda's Liquefaction   Alch/Erth      31%        N/A       1%          4
j - Freezing Cloud        Conj/Ice/Air   31%        6-21      1%          5
Your spell library was empty.

Dungeon Overview and Level Annotations

Branches:
Dungeon (12/15)            Temple (1/1) D:5            Lair (2/5) D:9
    Orc (0/2) D:12        Ossuary (visited)           IceCv (1/1)
  Swamp: Lair:2-3    Shoals: Lair:2-3     Snake: Lair:2-3    Spider: Lair:2-3

Altars:
Ashenzari
Cheibriados
Dithmenos
Elyvilon
Fedhas
Gozag
Hepliaklqana
Makhleb
Nemelex Xobeh
Okawaru
Qazlal
Ru
Trog
Uskayaw
Wu Jian
Xom
Yredelemnul
Zin
The Shining One

Annotations:
D:12 Frances


Innate Abilities, Weirdness & Mutations

You are immune to sickness and miasma.
You are immune to poison.
Your flesh is very heat resistant. (rF++)
You are vulnerable to cold. (rC-)
You float through the air rather than walking.
You learn spells naturally, not from books.
Your magical power is your life essence.
You have superior vitality. (+4 MHP)


Message History

The ice beast hits you. The ice beast freezes you.
Casting: Stone Arrow (safe; 1% risk of failure)
Confirm with . or Enter, or press ? or * to list all spells.
Aiming: Stone Arrow (safe; 1% risk of failure)
Press: ? - help, Shift-Dir - straight line, f/p - ice statue
Aim: an ice statue (heavily damaged, 100% to hit)
The stone arrow hits the ice statue!
The ice statue is almost destroyed.
The ice beast misses you. The ice statue gestures at you.
The shard of ice hits you.
Casting: Stone Arrow (safe; 1% risk of failure)
Confirm with . or Enter, or press ? or * to list all spells.
Aiming: Stone Arrow (safe; 1% risk of failure)
Press: ? - help, Shift-Dir - straight line, f/p - ice statue
Aim: an ice statue (almost destroyed, 100% to hit)
The stone arrow hits the ice statue!!
You destroy the ice statue!
Fedhas accepts your kill.
The ice beast disappears in a puff of smoke!
A cane toad simulacrum comes into view.
Found a mace of freezing.
A three-headed hydra simulacrum comes into view.
Found a pair of runed gloves.
The stone arrow hits the three-headed hydra simulacrum!
The three-headed hydra simulacrum is moderately damaged.
An ice devil comes into view.
The stone arrow hits the three-headed hydra simulacrum!!
The three-headed hydra simulacrum is almost destroyed.
You start to feel less resistant.
The three-headed hydra simulacrum bites you.
The three-headed hydra simulacrum freezes you!!
The three-headed hydra simulacrum bites you.
The three-headed hydra simulacrum freezes you!
* * * LOW HITPOINT WARNING * * *
The three-headed hydra simulacrum bites you.
* * * LOW HITPOINT WARNING * * *
The three-headed hydra simulacrum freezes you!!!
You die...
Fedhas appreciates your contribution to the ecosystem.

## .## .# ..## .####
... ..#.### ###..
......####°..##
........###§..#
..........##§#### ###
......#....☼§...##..[##
.....###.#§.....@Z...)#
....## ######..##Z....#
##### #...## 4..### #
#...# .### ##... ##
##.. ###.


You could see an ice devil, a three-headed hydra simulacrum and a cane toad
simulacrum.

Vanquished Creatures
  Josephine (D:11)
  Fannar (D:12)
  4 boulder beetles
  A catoblepas (Lair:2)
  3 two-headed ogres
  3 manticores
  An ugly thing (D:12)
  3 cyclopes
  2 black mambas
  Maggie (D:8)
  6 cane toads
  2 ice statues (IceCv)
  2 unseen horrors
  5 komodo dragons
  A rime drake (Lair:1)
  An ice devil (IceCv)
  6 kobold demonologists
  4 trolls
  6 blink frogs
  A shadow (D:12)
  9 wraiths
  2 vampires
  20 yaks
  4 wyverns
  4 steam dragons
  A basilisk (Lair:1)
  2 vampire mosquitoes (D:12)
  7 water moccasins
  5 orc warriors
  An ice beast (D:7)
  2 black bears
  9 wolves
  3 ogres
  4 centaurs
  2 phantoms (D:12)
  2 kobold brigands
  2 elf zombies (Ossuary)
  Blork the orc (D:5)
  7 bullfrogs
  A gnoll sergeant (D:12)
  4 scorpions
  9 wights
  2 two-headed ogre simulacra (IceCv)
  A troll zombie (D:12)
  6 killer bees (D:9)
  3 jellies
  An elephant simulacrum (IceCv)
  An electric eel (Lair:1)
  6 howler monkeys
  4 crimson imps (D:11)
  A centaur zombie (Ossuary)
  3 hounds
  2 human zombies (Ossuary)
  6 orc priests
  A gnoll bouda (D:4)
  A sleepcap (D:5)
  4 iguanas
  17 orc wizards
  3 polar bear simulacra
  A spriggan simulacrum (IceCv)
  5 ogre zombies (D:12)
  3 hound zombies (Ossuary)
  2 mummies (Ossuary)
  7 gnolls
  2 naga simulacra (IceCv)
  10 adders
  A shadow imp (D:7)
  4 white imps
  3 ufetubi (IceCv)
  5 adder zombies (Ossuary)
  6 dart slugs
  51 orcs
  10 ball pythons
  5 bats
  4 endoplasms
  4 giant cockroaches
  8 hobgoblins
  4 jackals (D:1)
  17 kobolds
  4 quokkas
  A frilled lizard (D:1)
  2 gnoll skeletons (D:12)
  8 gnoll zombies
  3 goblins
  3 jackal zombies (Ossuary)
  8 kobold zombies (Ossuary)
  An orc skeleton (D:12)
  20 orc zombies
  9 rats
428 creatures vanquished.

Vanquished Creatures (others)
  A dancing weapon (D:6)
  A sleepcap (D:7)
2 creatures vanquished.

Grand Total: 430 creatures vanquished

Notes
Turn   | Place    | Note
-------+----------+-------------------------------------------
     0 | D:1      | cforsyth the Djinni Enchanter began the quest for the Orb.
     0 | D:1      | cforsyth set off with the following spells memorised:
                  | Ensorcelled Hibernation, Confusing Touch, Tukima's Dance,
                  | Dazzling Flash.
     0 | D:1      | Reached XP level 1. HP: 15/15 MP: 0/0
   103 | D:1      | Reached XP level 2. HP: 3/22 MP: 0/0
   208 | D:1      | Reached skill level 1 in Fighting
   886 | D:1      | Reached XP level 3. HP: 27/27 MP: 0/0
   886 | D:1      | Learned a level 1 spell: Kiss of Death
  1887 | D:3      | Reached XP level 4. HP: 32/33 MP: 0/0
  2324 | D:3      | Found an opulent altar of Gozag.
  2654 | D:4      | Reached XP level 5. HP: 28/40 MP: 0/0
  2654 | D:4      | Learned a level 2 spell: Lesser Beckoning
  2762 | D:4      | Found a glowing silver altar of Zin.
  3150 | D:4      | Reached XP level 6. HP: 11/42 MP: 0/0
  4801 | D:4      | Found a sparkling altar of Nemelex Xobeh.
  4807 | D:4      | Found a shadowy altar of Dithmenos.
  4809 | D:4      | Found a white marble altar of Elyvilon.
  4830 | D:4      | Found a basalt altar of Yredelemnul.
  4971 | D:5      | Entered Level 5 of the Dungeon
  4983 | D:5      | Noticed an ogre
  4994 | D:5      | Killed an ogre
  4995 | D:5      | Reached XP level 7. HP: 47/53 MP: 0/0
  4995 | D:5      | Learned a level 3 spell: Ozocubu's Armour
  5092 | D:5      | Reached skill level 5 in Fighting
  5340 | D:5      | Reached skill level 5 in Spellcasting
  5340 | D:5      | Reached skill level 5 in Conjurations
  5340 | D:5      | Reached skill level 5 in Hexes
  5340 | D:5      | Reached skill level 5 in Summonings
  5340 | D:5      | Reached skill level 5 in Necromancy
  5340 | D:5      | Reached skill level 5 in Translocations
  5340 | D:5      | Reached skill level 5 in Fire Magic
  5340 | D:5      | Reached skill level 5 in Ice Magic
  5340 | D:5      | Reached skill level 5 in Air Magic
  5340 | D:5      | Reached skill level 5 in Earth Magic
  5340 | D:5      | Reached skill level 5 in Alchemy
  5744 | D:5      | Noticed Blork the orc
  5766 | D:5      | Killed Blork the orc
  5912 | D:5      | Found a staircase to the Ecumenical Temple.
  5921 | Temple   | Entered the Ecumenical Temple
  5938 | Temple   | Became a worshipper of Fedhas Madash
  6054 | D:5      | Reached XP level 8. HP: 54/61 MP: 0/0
  6695 | D:7      | Found a sand-covered staircase.
  6743 | Ossuary  | Entered an ossuary
  7039 | Ossuary  | Reached * piety under Fedhas
  8231 | D:6      | Reached XP level 9. HP: 56/68 MP: 0/0
  8231 | D:6      | Learned a level 3 spell: Stone Arrow
  8596 | D:6      | Reached ** piety under Fedhas
  9318 | D:7      | Found a sacrificial altar of Ru.
  9513 | D:7      | Found an ornate altar of the Wu Jian Council.
  9880 | D:8      | Noticed Maggie
  9888 | D:8      | Killed Maggie
  9889 | D:8      | Reached XP level 10. HP: 48/78 MP: 0/0
  9989 | D:8      | Reached *** piety under Fedhas
 10392 | D:9      | Noticed a kobold demonologist
 10393 | D:9      | Reached skill level 10 in Fighting
 10397 | D:9      | Noticed an orange demon
 10572 | D:9      | Reached skill level 10 in Necromancy
 10650 | D:9      | Noticed a two-headed ogre
 10656 | D:9      | Killed a two-headed ogre
 11002 | D:9      | Killed a kobold demonologist
 11028 | D:9      | Found a staircase to the Lair.
 11196 | D:9      | Reached XP level 11. HP: 72/87 MP: 0/0
 11196 | D:9      | Learned a level 4 spell: Leda's Liquefaction
 11341 | D:9      | Noticed a two-headed ogre
 11350 | D:9      | Killed a two-headed ogre
 11929 | D:10     | Entered Level 10 of the Dungeon
 11929 | D:10     | Found a glowing golden altar of the Shining One.
 12066 | D:10     | Noticed a cyclops
 12069 | D:10     | Killed a cyclops
 12069 | D:10     | Reached **** piety under Fedhas
 12764 | D:10     | Identified the beast talisman of the Jabberwock {Int+4
                  | Dex-5}
 13022 | D:11     | Noticed a manticore
 13028 | D:11     | Killed a manticore
 13242 | D:11     | Reached skill level 10 in Spellcasting
 13242 | D:11     | Reached skill level 10 in Conjurations
 13242 | D:11     | Reached skill level 10 in Hexes
 13242 | D:11     | Reached skill level 10 in Summonings
 13242 | D:11     | Reached skill level 10 in Translocations
 13242 | D:11     | Reached skill level 10 in Fire Magic
 13242 | D:11     | Reached skill level 10 in Ice Magic
 13242 | D:11     | Reached skill level 10 in Air Magic
 13242 | D:11     | Reached skill level 10 in Earth Magic
 13242 | D:11     | Reached skill level 10 in Alchemy
 13434 | D:11     | Noticed a two-headed ogre
 13438 | D:11     | Killed a two-headed ogre
 13439 | D:11     | Noticed Josephine
 13470 | D:11     | Killed Josephine
 14011 | D:11     | Reached XP level 12. HP: 90/98 MP: 0/0
 14144 | D:11     | Noticed a boulder beetle
 14341 | D:11     | Killed a boulder beetle
 15270 | D:11     | Noticed a boulder beetle
 15651 | D:11     | Killed a boulder beetle
 15921 | D:11     | Reached ***** piety under Fedhas
 16220 | D:12     | Found a staircase to the Orcish Mines.
 16607 | D:12     | Noticed Fannar
 16620 | D:12     | Killed Fannar
 16630 | D:12     | Noticed Frances
 16633 | D:12     | Noticed a soul eater
 16680 | D:12     | Reached XP level 13. HP: 94/106 MP: 0/0
 16680 | D:12     | Learned a level 5 spell: Freezing Cloud
 16917 | D:12     | Reached skill level 15 in Necromancy
 17109 | Lair:1   | Entered Level 1 of the Lair of Beasts
 17130 | D:9      | Reached skill level 15 in Fighting
 18407 | Lair:2   | Noticed a catoblepas
 18411 | Lair:2   | Killed a catoblepas
 18458 | Lair:2   | Reached ****** piety under Fedhas
 18491 | Lair:2   | Found a frozen archway.
 18531 | IceCv    | Entered an ice cave
 18870 | IceCv    | HP: 4/109 [ice statue] (39)]
 19216 | IceCv    | Mangled by a three-headed hydra simulacrum

Illustrated notes

Levels and vault maps discovered:
D:1:      psy_arrival_conway, layout_basic, minmay_misc_feat_iff
D:2:      layout_rooms
D:3:      layout_basic, nicolae_gozag_seed_capital
D:4:      layout_basic, minmay_overflow_temple_star_hex,
          mainiacjoe_overflow_surrounded_room
D:5:      layout_loops_ring, minmay_temple_entry_proselytizer, hex_tiny,
          guppyfry_early_lair_pool, uniq_blork_the_orc
D:6:      layout_basic, hangedman_decor_clover_reticule, minmay_manual_mares
D:7:      layout_basic, nzn_wu_jian_contemplation, hangedman_ru_absence,
          nicolae_ossuary_entry_plus
D:8:      layout_basic, corexii_checkpoint, uniq_maggie
D:9:      layout_roguey, due_lair_maze_entry_diamond
D:10:     layout_long_grid, kiku_gazebo_garden_becter,
          mainiacjoe_overflow_boulevard, nicolae_wwwww
D:11:     minmay_thinvault, layout_basic, minmay_fire_ice_demons, uniq_josephine
D:12:     layout_long_grid, zombieorc1_lemuel, uniq_fannar, uniq_frances
Temple:   nicolae_temple_ecumenical_triangle
Lair:1:   layout_gridlike, basic_altar, serial_bayou_shore_b,
          serial_bayou_shore_a
Lair:2:   layout_roguey, portal_ice_cave_entry_ice_simulacra
IceCv:    ice_cave_small_demon

Skill      XL: |  1  2  3  4  5  6  7  8  9 10 11 12 13 |
---------------+----------------------------------------+-----
Spellcasting   | 3 4 5 6 7 9 10 11 12 | 12.7
Conjurations   | 3 4 5 6 7 9 10 11 12 | 12.7
Hexes          | 3 4 5 6 7 9 10 11 12 | 12.7
Summonings     | 3 4 5 6 7 9 10 11 12 | 12.7
Necromancy     | 3 4 5 6 9 11 13 14 16 | 16.6
Translocations | 3 4 5 6 7 9 10 11 12 | 12.7
Fire Magic     | 3 4 5 6 7 9 10 11 12 | 12.7
Ice Magic      | 3 4 5 6 7 9 10 11 12 | 12.7
Air Magic      | 3 4 5 6 7 9 10 11 12 | 12.7
Earth Magic    | 3 4 5 6 7 9 10 11 12 | 12.7
Alchemy        | 3 4 5 6 7 9 10 11 12 | 12.7
Fighting       | 1 2 3 4 5 7 9 11 13 14 16 | 16.2
Short Blades   | |  0.8
Dodging        | |  2.1
Stealth        | |  2.4

Action                     |  1- 3 |  4- 6 |  7- 9 | 10-12 | 13-15 || total
---------------------------+-------+-------+-------+-------+-------++-------
  Melee: Dagger            |   162 |   209 |   101 |       |       ||   472
         Punch             |     1 |     2 |     6 |       |       ||     9
         Short sword       |       |       |   278 |    11 |     6 ||   295
   Cast: Ensorcelled Hiber |     5 |    32 |    15 |     8 |       ||    60
         Confusing Touch   |       |     4 |     7 |       |       ||    11
         Kiss of Death     |       |     2 |       |       |       ||     2
         Lesser Beckoning  |       |       |     1 |     1 |       ||     2
         Ozocubu's Armour  |       |       |     1 |       |       ||     1
         Tukima's Dance    |       |       |     5 |       |       ||     5
         Stone Arrow       |       |       |    67 |   358 |   197 ||   622
         Leda's Liquefacti |       |       |       |     2 |       ||     2
         Freezing Cloud    |       |       |       |       |     2 ||     2
  Evoke: Wand              |       |       |       |       |     2 ||     2
    Use: Potion            |     1 |     2 |     2 |     1 |     1 ||     7
         Scroll            |       |     9 |     8 |     3 |     5 ||    25
   Stab: Sleeping          |     6 |    24 |    10 |     3 |       ||    43
         Confused          |       |       |     6 |       |       ||     6
         Distracted        |       |       |     1 |       |       ||     1
 Armour: Robe              |    87 |   108 |   282 |    44 |       ||   521
         Troll leather arm |       |       |       |    37 |    46 ||    83
  Dodge: Dodged            |   120 |   137 |   247 |    88 |    50 ||   642
  Block: Other             |       |       |       |     3 |    21 ||    24
         Reflection        |       |       |       |     1 |       ||     1

Table legend: (Time is in decaauts)
 A = Elapsed time spent in this place.
 B = Non-inter-level travel time spent in this place.
 C = Inter-level travel time spent in this place.
 D = Time resting spent in this place.
 E = Time spent auto-exploring this place.
 F = Levels seen in this place.
 G = Mean time per level.
                   A        B        C        D        E       F      G
               +--------+--------+--------+--------+--------+-----+--------+
         Total |  19206 |  18647 |    559 |   3547 |  11367 |  17 | 1129.8 |
       Dungeon |  16227 |  15694 |    533 |   2565 |  10449 |  12 | 1352.2 |
        Temple |     30 |     17 |     13 |      0 |      0 |   1 |   30.0 |
          Lair |   1360 |   1348 |     12 |    378 |    628 |   2 |  680.0 |
       Ossuary |    903 |    903 |      0 |    119 |    251 |   1 |  903.0 |
      Ice Cave |    684 |    684 |      0 |    485 |     39 |   1 |  684.0 |
               +--------+--------+--------+--------+--------+-----+--------+

Top non-repeatable levels by time:
    D:11: 3184 daAuts
     D:4: 2337 daAuts
     D:5: 1307 daAuts
     D:1: 1250 daAuts
     D:9: 1244 daAuts
     D:8: 1199 daAuts
  Lair:1: 1155 daAuts
     D:6: 1133 daAuts
     D:3: 1114 daAuts
    D:10: 1089 daAuts
     D:7: 1027 daAuts
    D:12: 906 daAuts
 Ossuary: 903 daAuts
   IceCv: 684 daAuts
     D:2: 432 daAuts
